 Dungeon Crawl Stone Soup version 0.29-a0-322-g68df515428 (webtiles) character file.

Game seed: 12892036678402486975

333 garrulousMonolith the Chopper (level 6, 0/53 HPs)
             Began as a Hill Orc Fighter on Apr 7, 2022.
             Slain by an orc
             ... wielding a +2 vorpal trident
              (6 damage)
             ... on level 3 of the Dungeon.
             The game lasted 00:03:55 (2639 turns).

garrulousMonolith the Chopper (Hill Orc Fighter)    Turns: 2639, Time: 00:03:56

Health: 0/53       AC: 10    Str: 19    XL:     6   Next: 52%
Magic:  8/8        EV:  7    Int: 10    God:
Gold:   63         SH:  4    Dex: 10    Spells: 5/5 levels left

rFire   . . .      SeeInvis .   a - +0 war axe
rCold   . . .      Faith    .   c - +0 buckler
rNeg    . . .      Spirit   .   q - +0 chain mail
rPois   .          Reflect  .   (no helmet)
rElec   .          Harm     .   (no cloak)
rCorr   .          Rampage  .   r - +0 pair of gloves
Will    .....                   (no boots)
Stlth   ..........              (no amulet)
HPRegen 0.17/turn               (no ring)
MPRegen 0.11/turn               (no ring)

@: mighty, hasted, very quick
A: no striking features
a: no special abilities


You were on level 3 of the Dungeon.
You visited 1 branch of the dungeon, and saw 3 of its levels.

You collected 63 gold pieces.

Inventory:

Hand Weapons
 a - a +0 war axe (weapon)
 b - a +0 hunting sling
 i - a +2 dagger of draining
 m - a +0 scimitar
Missiles
 g - a boomerang (quivered)
Armour
 c - a +0 buckler (worn)
 q - a +0 chain mail (worn)
 r - a +0 pair of gloves (worn)
Scrolls
 f - a scroll of teleportation
 h - a scroll of amnesia {unknown}
 l - a scroll of holy word {unknown}
 o - 2 scrolls of enchant armour {unknown}
 t - 2 scrolls of silence {unknown}
Potions
 e - a potion of degeneration {unknown}
 j - a potion of attraction
 n - a potion of lignification
 p - a potion of haste
 s - a potion of brilliance {unknown}
 u - a potion of heal wounds {unknown}


   Skills:
 + Level 4.5 Fighting
 * Level 5.4 Axes
 + Level 4.1 Armour
 + Level 1.5 Dodging
 + Level 4.2 Shields
 + Level 2.8 Invocations


You had 5 spell levels left.
You didn't know any spells.
Your spell library contained the following spells:

 Spells                   Type           Power      Damage    Failure   Level
 Magic Dart               Conj           0%         1d3       99%         1
 Call Imp                 Summ           0%         N/A       100%        2
 Mephitic Cloud           Conj/Pois/Air  0%         N/A       100%        3


Dungeon Overview and Level Annotations

Branches:
Dungeon (3/15)

Altars:
Ashenzari
Elyvilon


Message History

You barely miss something.
You hear some strange, mumbled words.
A puff of flame appears from out of thin air!
The puff of flame misses you. The orc hits you but does no damage.
The orc hits you from afar with a +2 vorpal trident.
You hear some strange, mumbled words.
You are confused.
You closely miss something. Something hits you but does no damage.
The orc hits you but does no damage.
You're too confused to move!
Something hits you but does no damage.
The orc hits you from afar with a +2 vorpal trident.
You're too confused to move!
Something hits you but does no damage.
The orc hits you from afar with a +2 vorpal trident.
You bump into the rock wall.
Something hits you but does no damage.
The orc hits you from afar with a +2 vorpal trident.
You bump into the rock wall.
Something hits you.
The orc hits you from afar with a +2 vorpal trident.
You feel better. Something hits you. You block the orc's attack.
You closely miss something. Something hits you but does no damage.
The orc hits you from afar with a +2 vorpal trident.
You miss something.
You hear some strange, mumbled words.
A puff of flame appears from out of thin air!
The puff of flame hits you. The orc barely misses you.
The orc hits you from afar with a +2 vorpal trident.
Something hits you but does no damage.
You barely miss something. Something hits you but does no damage.
The orc hits you but does no damage.
You closely miss something. Something hits you. The orc completely misses you.
You barely miss something. Something hits you but does no damage.
The orc hits you but does no damage.
You closely miss something. Something hits you!
The orc hits you but does no damage. x2; You block something's attack.
You closely miss something. Something hits you but does no damage.
The orc hits you from afar with a +2 vorpal trident!
* * * LOW HITPOINT WARNING * * *
x2 It was a potion of haste.
You feel yourself speed up. Something hits you.
* * * LOW HITPOINT WARNING * * *
The orc hits you from afar with a +2 vorpal trident.
You die...

##....######..##..........
##...## ##.)...<.......
#####
##....########..........#
###...#
#..#.......<##.##......##
......#
#.....#####.....##.##.##
.###..###.....#
##.##.....).#
.###..........#####..#
##.#####
.###.###.........##.##
#..# ..#..#####.)..##@##.
##..# ..#.......######{##.
... .._..####..# #oo.. ...
..#..# ## ##... ..#..# ...
.###.# .... .###.#


PP... .###.# PP.... .....# You could see 2 orcs.

Vanquished Creatures
  Grinder (D:3)
  A gnoll (D:1)
  7 adders
  A worm (D:3)
  A dart slug (D:1)
  3 orcs (D:3)
  4 ball pythons
  5 bats
  7 endoplasms
  3 giant cockroaches
  5 goblins
  5 hobgoblins
  2 kobolds
  A quokka (D:3)
  4 frilled lizards
  3 rats
53 creatures vanquished.

Vanquished Creatures (others)
  5 fungi (D:3)
  7 plants (D:3)
  2 toadstools (D:3)
14 creatures vanquished.

Grand Total: 67 creatures vanquished

Notes
Turn   | Place    | Note
-------+----------+-------------------------------------------
     0 | D:1      | garrulousMonolith the Hill Orc Fighter began the quest for
                  | the Orb.
     0 | D:1      | Reached XP level 1. HP: 19/19 MP: 1/1
   190 | D:1      | Found a faded altar of an unknown god.
   207 | D:1      | Reached skill level 3 in Axes
   207 | D:1      | Reached XP level 2. HP: 27/27 MP: 2/2
   389 | D:1      | Reached skill level 1 in Invocations
   395 | D:1      | Reached XP level 3. HP: 27/33 MP: 3/3
  1247 | D:2      | Reached XP level 4. HP: 27/39 MP: 5/5
  1262 | D:2      | Reached skill level 4 in Axes
  1590 | D:2      | Found a white marble altar of Elyvilon.
  1968 | D:2      | Reached skill level 1 in Dodging
  2071 | D:3      | Noticed Grinder
  2079 | D:3      | Paralysed by Grinder for 3 turns
  2087 | D:3      | Killed Grinder
  2088 | D:3      | Reached skill level 5 in Axes
  2088 | D:3      | Reached XP level 5. HP: 43/47 MP: 5/7
  2088 | D:3      | Reached XP level 6. HP: 48/53 MP: 5/8
  2568 | D:3      | Found a broken altar of Ashenzari.
  2639 | D:3      | Slain by an orc

Illustrated notes

Levels and vault maps discovered:
D:1:      dpeg_arrival_houses_and_road, layout_loops_ring,
          chequers_ecumenical_altar_twisty
D:2:      layout_basic, basic_altar
D:3:      layout_rooms, mainiacjoe_overflow_chevrons,
          cheibrodos_ashenzari_chains, minmay_gold_behind_fungi, uniq_grinder

Skill      XL: |  1  2  3  4 |
---------------+-------------+-----
Axes           | 3 5 |  5.4
Invocations    | 1 2 |  2.8
Fighting       | 4 |  4.5
Dodging        | 1 |  1.5
Armour         | 4 |  4.1
Shields        | 4 |  4.2

Action                   |  1- 3 |  4- 6 || total
-------------------------+-------+-------++-------
Melee: War axe           |    35 |    85 ||   120
 Fire: Hunting sling     |    49 |    33 ||    82
Throw: Boomerang         |       |     2 ||     2
  Use: Scroll            |     3 |     2 ||     5
       Potion            |       |     4 ||     4
Armor: Scale mail        |    44 |     5 ||    49
       Chain mail        |       |    66 ||    66
Dodge: Dodged            |    29 |    38 ||    67
Block: Buckler           |    14 |    22 ||    36

Table legend: (Time is in decaauts)
 A = Elapsed time spent in this place.
 B = Non-inter-level travel time spent in this place.
 C = Inter-level travel time spent in this place.
 D = Time resting spent in this place.
 E = Time spent auto-exploring this place.
 F = Levels seen in this place.
 G = Mean time per level.
                   A        B        C        D        E       F      G
               +--------+--------+--------+--------+--------+-----+--------+
         Total |   2734 |   2673 |     61 |    520 |   1634 |   3 |  911.3 |
       Dungeon |   2734 |   2673 |     61 |    520 |   1634 |   3 |  911.3 |
               +--------+--------+--------+--------+--------+-----+--------+

Top non-repeatable levels by time:
     D:2: 1352 daAuts
     D:1: 884 daAuts
     D:3: 497 daAuts
